 Dungeon Crawl Stone Soup version 0.31.0-32-g396128a36d (webtiles) character file.

Game seed: 3544798320864202824

1134 Tsumveil the Caller (level 8, -3/58 HPs)
             Began as a Gnoll Summoner on Mar 14, 2024.
             Was an Elder of Jiyva.
             Slain by Menkaure (18 damage)
             ... on level 6 of the Dungeon.
             The game lasted 00:44:05 (4581 turns).

Tsumveil the Caller (Gnoll Summoner)                Turns: 4581, Time: 00:44:06

Health: -3/58      AC:  6    Str:  7    XL:     8   Next: 36%
Magic:  17/17      EV: 14    Int: 20    God:    Jiyva [****..]
Gold:   39         SH:  0    Dex: 12    Spells: 9/19 levels left

rFire   . . .        i - +7 shortbow "Dokarphu" {elec, Stlth+}
rCold   + . .        (shield currently unavailable)
rNeg    . . .        n - +2 robe {rC+}
rPois   .            (no helmet)
rElec   .            (no cloak)
rCorr   +            (no gloves)
SInv    .            f - +1 pair of boots
Will    .....        (no amulet)
Stlth   ++++         (no ring)
HPRegen 1.57/turn    (no ring)
MPRegen 0.79/turn

%: no passive effects
@: no status effects
A: fangs 1, strong nose, distributed training, clever 1, tendrils, MP-powered
wands, engulf
a: Renounce Religion, Oozemancy, Slimify


You were on level 6 of the Dungeon.
You worshipped Jiyva.
Jiyva was greatly pleased with you.
You visited 1 branch of the dungeon, and saw 6 of its levels.

You collected 120 gold pieces.
You spent 81 gold pieces at shops.

Inventory:

Hand Weapons
 e - the +8 dire flail of the Elven Halls {vamp, rC- MP+9 Dex+5}
   (You found it on level 5 of the Dungeon)

   Dex+5:     It affects your dexterity (+5).
   rC-:       It makes you vulnerable to cold.
   MP+9:      It affects your magic capacity (+9).
 g - a +0 short sword of protection
 i - the +7 shortbow "Dokarphu" (weapon) {elec, Stlth+}
   (You found it on level 4 of the Dungeon)

   Stlth+:    It makes you more stealthy.
 j - a +1 dagger of electrocution
 k - a +2 whip of flaming
Missiles
 c - 7 poisoned darts
 h - 3 silver javelins
Armour
 a - a +0 robe
 f - a +1 pair of boots (worn)
 n - a +2 robe of cold resistance (worn)
Magical Staves
 d - a staff of earth
Talismans
 q - a serpent talisman
Wands
 o - a wand of polymorph (10)
Potions
 b - a potion of magic
 l - 2 potions of resistance {unknown}
 m - a potion of brilliance {unknown}
 p - a potion of lignification {unknown}


   Skills:
 + Level 3.3 Fighting
 + Level 3.3 Short Blades
 + Level 3.3 Long Blades
 + Level 3.3 Axes
 + Level 3.3 Maces & Flails
 + Level 3.3 Polearms
 + Level 3.3 Staves
 + Level 3.3 Ranged Weapons
 + Level 3.3 Throwing
 + Level 3.3 Armour
 + Level 5.7 Dodging
 + Level 5.4 Stealth
 + Level 3.3 Shields
 + Level 3.3 Unarmed Combat
 + Level 6.1 Spellcasting
 + Level 2.7 Conjurations
 + Level 2.7 Hexes
 + Level 7.6 Summonings
 + Level 2.7 Necromancy
 + Level 2.7 Translocations
 + Level 2.7 Fire Magic
 + Level 2.7 Ice Magic
 + Level 2.7 Air Magic
 + Level 2.7 Earth Magic
 + Level 2.7 Alchemy
 + Level 3.6 Invocations
 + Level 3.3 Evocations
 + Level 3.0 Shapeshifting


You had 9 spell levels left.
You knew the following spells:

 Your Spells              Type           Power      Damage    Failure   Level
a - Summon Small Mammal   Summ           100%       N/A       1%          1
b - Call Canine Familiar  Summ           36%        N/A       1%          3
c - Summon Blazeheart Go  Fire/Summ      26%        N/A       12%         4
d - Mercury Vapours       Alch/Air       34%        N/A       4%          2

Your spell library contained the following spells:

 Spells                   Type           Power      Damage    Failure   Level
 Call Imp                 Summ           72%        N/A       1%          2
 Sting                    Conj/Alch      68%        1d7       3%          1
 Summon Lightning Spire   Summ/Air       26%        N/A       12%         4
 Olgreb's Toxic Radiance  Alch           17%        N/A       32%         4


Dungeon Overview and Level Annotations

Branches:
Dungeon (6/15)
 Temple: D:4-7

Altars:
Hepliaklqana
Qazlal
Ru
Wu Jian
Yredelemnul
Jiyva

Shops:
D:3 *

Annotations:
D:6 Menkaure


Innate Abilities, Weirdness & Mutations

You have very sharp teeth.
Your uncanny sense of smell can sniff out nearby items.
Your experience applies equally to all skills.
Your mind is acute. (Int +4, Str/Dex -1)
You are covered in slimy tendrils that may disarm your opponents.
You expend magic power (3 MP) to strengthen your wands.
Your melee attacks may engulf your foes in ooze.


Message History

You shoot an arrow. The arrow closely misses Menkaure.
The arrow hits the orc but does no damage.
The orc is lightly wounded.
Menkaure mumbles some strange words.
Menkaure seems to speed up.
Fire: i) +7 shortbow "Dokarphu" {elec, Stlth+}
Press: ? - help, Shift-Dir - straight line, f/p - Menkaure
Aim: Menkaure (fast, ally target, 79% to hit)
You shoot an arrow.
The arrow closely misses the orc warrior.
The arrow hits Menkaure.
Menkaure is lightly damaged.
The orc warrior hits you with a +0 long sword!
Fire: i) +7 shortbow "Dokarphu" {elec, Stlth+}
Press: ? - help, Shift-Dir - straight line, f - orc warrior, p - Menkaure
Aim: an orc warrior, wielding a +0 long sword and wearing a +0 plate armour (heavily wounded, 67% to hit)
You shoot an arrow.
The arrow closely misses the orc warrior.
The arrow closely misses the orc.
Menkaure blazes with dark energy!
The orc warrior hits you with a +0 long sword!
Your magical contamination has completely faded away.
You open the door.
Menkaure points at you and mumbles some strange words.
Pain shoots through your body!
* * * LOW HITPOINT WARNING * * *
The orc warrior misses you.
There is an open door here.
Menkaure hits you.
* * * LOW HITPOINT WARNING * * *
Menkaure attacks as he pursues you! Menkaure closely misses you.
Menkaure casts a spell at you. Pain shoots through your body!
* * * LOW HITPOINT WARNING * * *
Menkaure misses you. Menkaure attacks as he pursues you! Menkaure misses you.
There is an open door here.
Menkaure attacks as he pursues you! Menkaure barely misses you.
Menkaure hits you!!
You die...

##.#.....#.....#.#
...'##'##'##'##'.#
...#..#.....#..#.#
...#..#+###'#..#.#
...#..#.....#..#.#
##.'..'.._..+..+.#
#..#..#.....#..#.#
#..#..#+###+#..#.#
##.#..#.....#..#@#
#.'##+##'##'##M.#
###.....#.loo.###
#.....#.....#
###'##'##'###
####### #....##.##
#.....#
#........#####.....#
#9.......'.........#
#........#.........#


You could see an orc warrior and Menkaure (fast).

Vanquished Creatures
  Pikel (D:4)
  The ghost of Justthedoctor22 the Changeling, a novice DgSh (D:5)
  An ogre (D:5)
  An adder (D:2)
  A white imp (D:5)
  3 ufetubi (D:5)
  A dart slug (D:5)
  A ribbon worm (D:5)
  5 orcs
  A bat (D:1)
  A giant cockroach (D:1)
  3 goblins
  A hobgoblin (D:2)
  2 quokkas
  2 ball pythons (D:2)
  A rat (D:1)
26 creatures vanquished.

Vanquished Creatures (collateral kills)
  A bombardier beetle (D:5)
  An orc wizard (D:4)
  2 gnolls (D:3)
  2 adders (D:3)
  An ufetubus (D:5)
  A dart slug (D:2)
  8 orcs
  2 endoplasms (D:1)
  6 giant cockroaches
  9 goblins
  5 hobgoblins
  A quokka (D:1)
  4 ball pythons
  2 frilled lizards
  5 kobolds
  2 rats (D:1)
  A spectral goblin (D:4)
53 creatures vanquished.

Vanquished Creatures (others)
  Edmund (D:4)
  A hound (D:5)
  4 jellies
  An orc wizard (D:5)
  A gnoll (D:3)
  An adder (D:2)
  A white imp (D:5)
  A ribbon worm (D:3)
  A dart slug (D:3)
  6 orcs
  2 endoplasms (D:3)
  A goblin (D:4)
  2 hobgoblins
  A kobold (D:4)
  A quokka (D:4)
  2 ball pythons
27 creatures vanquished.

Grand Total: 106 creatures vanquished

Notes
Turn   | Place    | Note
-------+----------+-------------------------------------------
     0 | D:1      | Tsumveil the Gnoll Summoner began the quest for the Orb.
     0 | D:1      | Reached XP level 1. HP: 13/13 MP: 6/6
    94 | D:1      | Reached XP level 2. HP: 19/19 MP: 5/7
   428 | D:1      | Found a faded altar of an unknown god.
   440 | D:1      | Prayed at the altar of an unknown god.
   440 | D:1      | Became a worshipper of Jiyva Jyuby the Shapeless
   440 | D:1      | Reached * piety under Jiyva
   496 | D:1      | Reached skill level 5 in Spellcasting
   496 | D:1      | Reached XP level 3. HP: 25/25 MP: 7/9
   889 | D:2      | Reached skill level 1 in Invocations
   988 | D:2      | Reached skill level 1 in Fighting
   988 | D:2      | Reached skill level 1 in Short Blades
   988 | D:2      | Reached skill level 1 in Long Blades
   988 | D:2      | Reached skill level 1 in Axes
   988 | D:2      | Reached skill level 1 in Maces & Flails
   988 | D:2      | Reached skill level 1 in Polearms
   988 | D:2      | Reached skill level 1 in Staves
   988 | D:2      | Reached skill level 1 in Ranged Weapons
   988 | D:2      | Reached skill level 1 in Throwing
   988 | D:2      | Reached skill level 1 in Armour
   988 | D:2      | Reached skill level 1 in Shields
   988 | D:2      | Reached skill level 1 in Unarmed Combat
   988 | D:2      | Reached skill level 1 in Evocations
  1118 | D:2      | Learned a level 3 spell: Call Canine Familiar
  1282 | D:2      | Reached skill level 1 in Shapeshifting
  1282 | D:2      | Reached XP level 4. HP: 32/32 MP: 11/11
  1336 | D:2      | Reached ** piety under Jiyva
  1691 | D:3      | Reached skill level 1 in Conjurations
  1691 | D:3      | Reached skill level 1 in Hexes
  1691 | D:3      | Reached skill level 1 in Necromancy
  1691 | D:3      | Reached skill level 1 in Translocations
  1691 | D:3      | Reached skill level 1 in Fire Magic
  1691 | D:3      | Reached skill level 1 in Ice Magic
  1691 | D:3      | Reached skill level 1 in Air Magic
  1691 | D:3      | Reached skill level 1 in Earth Magic
  1691 | D:3      | Reached skill level 1 in Alchemy
  1851 | D:3      | Reached XP level 5. HP: 25/37 MP: 12/12
  2127 | D:3      | Found Laimmomi's Assorted Antiques.
  2166 | D:3      | Reached *** piety under Jiyva
  2385 | D:4      | Found a hazy altar of Hepliaklqana.
  2406 | D:4      | Identified the +7 shortbow "Dokarphu" {elec, Stlth+}
  2498 | D:4      | Found a stormy altar of Qazlal.
  2500 | D:4      | Found a sacrificial altar of Ru.
  2554 | D:4      | Gained mutation: You expend magic power (3 MP) to
                  | strengthen your wands. [Jiyva's grace]
  2554 | D:4      | Gained mutation: Your melee attacks may engulf your foes in
                  | ooze. [Jiyva's grace]
  2554 | D:4      | Gained mutation: You are covered in slimy tendrils that may
                  | disarm your opponents. [Jiyva's grace]
  2554 | D:4      | Gained mutation: Your mind is acute. (Int +4, Str/Dex -1)
                  | [Jiyva's grace]
  2579 | D:4      | Noticed Pikel
  2580 | D:4      | Noticed a lemure
  2581 | D:4      | Noticed a lemure
  2581 | D:4      | Noticed a lemure
  2583 | D:4      | Noticed a lemure
  2597 | D:4      | Killed Pikel
  2598 | D:4      | Reached skill level 5 in Dodging
  2598 | D:4      | Reached skill level 5 in Stealth
  2598 | D:4      | Reached XP level 6. HP: 46/46 MP: 12/14
  2598 | D:4      | Reached XP level 7. HP: 51/51 MP: 12/15
  2681 | D:4      | Learned a level 4 spell: Summon Blazeheart Golem
  2684 | D:4      | Learned a level 2 spell: Mercury Vapours
  2895 | D:5      | Entered Level 5 of the Dungeon
  3029 | D:3      | Bought a glowing robe for 81 gold pieces
  3287 | D:4      | Noticed Edmund
  3303 | D:4      | Killed Edmund
  3742 | D:5      | Reached **** piety under Jiyva
  3818 | D:5      | Found a transporter.
  3819 | D:5      | Noticed Justthedoctor22's ghost (novice DgSh)
  3821 | D:5      | Identified the +8 dire flail of the Elven Halls {vamp, rC-
                  | MP+9 Dex+5}
  3825 | D:5      | Found a transporter.
  3865 | D:5      | Reached XP level 8. HP: 27/58 MP: 8/16
  3979 | D:5      | Killed Justthedoctor22's ghost
  4098 | D:5      | Found a basalt altar of Yredelemnul.
  4449 | D:6      | Found an ornate altar of the Wu Jian Council.
  4561 | D:6      | Noticed Menkaure
  4581 | D:6      | Slain by Menkaure

Illustrated notes

Levels and vault maps discovered:
D:1:      saegor_arrival_miasma, layout_rooms,
          hellmonk_ecumenical_altar_inner_sanctum
D:2:      layout_basic
D:3:      layout_basic, serial_shops, nicolae_shop_tiny_waterfront,
          serial_bayou_pond_e, amcnicky_mini_rare_corridor_liquid,
          minmay_tree_intersection, nicolae_grassy_gnolls
D:4:      layout_basic, amethyst_overflow_temple_binary,
          nicolae_hepliaklqana_monster_ancestors, uniq_edmund, uniq_pikel
D:5:      layout_basic, mainiacjoe_overflow_cross_hatched, gammafunk_ghost_smash
D:6:      layout_gridville, mainiacjoe_overflow_24_doors,
          chequers_serial_rivers_small_b, uniq_menkaure

Skill      XL: |  1  2  3  4  5  6  7  8 |
---------------+-------------------------+-----
Spellcasting   | 5 6 |  6.1
Invocations    | 1 2 3 |  3.6
Fighting       | 1 2 3 |  3.3
Short Blades   | 1 2 3 |  3.3
Long Blades    | 1 2 3 |  3.3
Axes           | 1 2 3 |  3.3
Maces & Flails | 1 2 3 |  3.3
Polearms       | 1 2 3 |  3.3
Staves         | 1 2 3 |  3.3
Ranged Weapons | 1 2 3 |  3.3
Throwing       | 1 2 3 |  3.3
Armour         | 1 2 3 |  3.3
Shields        | 1 2 3 |  3.3
Unarmed Combat | 1 2 3 |  3.3
Evocations     | 1 2 3 |  3.3
Shapeshifting  | 1 2 3 |  3.0
Conjurations   | 1 2 |  2.7
Hexes          | 1 2 |  2.7
Necromancy     | 1 2 |  2.7
Translocations | 1 2 |  2.7
Fire Magic     | 1 2 |  2.7
Ice Magic      | 1 2 |  2.7
Air Magic      | 1 2 |  2.7
Earth Magic    | 1 2 |  2.7
Alchemy        | 1 2 |  2.7
Dodging        | 5 |  5.7
Stealth        | 5 |  5.4
Summonings     | |  7.6

Action                     |  1- 3 |  4- 6 |  7- 9 || total
---------------------------+-------+-------+-------++-------
  Melee: Unarmed           |    17 |       |       ||    17
         Staff             |    39 |    31 |       ||    70
         Bite              |     4 |     1 |       ||     5
         Punch             |     1 |     1 |       ||     2
   Fire: Shortbow          |       |     6 |    49 ||    55
  Throw: Dart              |     2 |       |       ||     2
   Cast: Summon Small Mamm |    35 |       |     2 ||    37
         Call Canine Famil |     2 |    13 |     6 ||    21
         Summon Blazeheart |       |       |     6 ||     6
         Mercury Vapours   |       |       |     1 ||     1
 Invoke: Slimify           |       |       |     1 ||     1
  Evoke: Wand              |       |       |     2 ||     2
    Use: Scroll            |     1 |     2 |     1 ||     4
         Potion            |     1 |       |     1 ||     2
 Armour: Robe              |    50 |    27 |    73 ||   150
  Dodge: Dodged            |    90 |    38 |    50 ||   178
